IL
SALT LAKE BEES @ PAWTUCKET RED SOX
07/31/2047
 
TOP OF THE 1ST
Salt Lake Bees batting - Pitching for Pawtucket Red Sox : LHP Adam Schneidewind
Pitching: LHP Adam Schneidewind
Batting: SHB Butch Brown 0-0: Ground out 6-3 (Groundball, P, EV 82.5 MPH)
Batting: RHB Eric Davis 0-0: Ball
1-0: SINGLE (Groundball, 56D, EV 94.4 MPH)
Batting: RHB Brandon Davis 0-0: Called Strike
0-1: Called Strike
0-2: Ball
1-2: Strikes out swinging
Batting: SHB Todd Hewitt 0-0: Foul Ball, location: 2F
0-1: Foul Ball, location: 2F
0-2: Ground out 5-3 (Groundball, 25, EV 88.8 MPH)
Top of the 1st over - 0 runs, 1 hit, 0 errors, 1 left on base; Salt Lake 0 - Pawtucket 0
BOTTOM OF THE 1ST
Pawtucket Red Sox batting - Pitching for Salt Lake Bees : RHP Mike Tallerico
Pitching: RHP Mike Tallerico
Batting: LHB Tim Fuller 0-0: Ground out 3-1 (Groundball, 34, EV 106.2 MPH)
Batting: RHB Eric Garrett 0-0: SINGLE (Flyball, 78S, EV 100.0 MPH)
Batting: LHB David Moore 0-0: Called Strike
0-1: Foul Ball, location: 2F
0-2: Ball
1-2: Ball
2-2: Ball
3-2: Foul Ball, location: 2F
3-2: Fly out, F9 (Line Drive, 89M, EV 93.1 MPH)
Batting: RHB Jose Diaz 0-0: Called Strike
0-1: Swinging Strike
0-2: Foul Ball, location: 2F
0-2: Ball
1-2: Strikes out swinging
Bottom of the 1st over - 0 runs, 1 hit, 0 errors, 1 left on base; Salt Lake 0 - Pawtucket 0
TOP OF THE 2ND
Salt Lake Bees batting - Pitching for Pawtucket Red Sox : LHP Adam Schneidewind
Batting: RHB Roberto Duron 0-0: Called Strike
0-1: Ball
1-1: SOLO HOME RUN (Flyball, 7LD, EV 99.4 MPH), Distance : 369 ft
Batting: LHB Jack Bell 0-0: Ball
1-0: Ball
2-0: Ball
3-0: Base on Balls
Batting: RHB Jonathan Ellis 0-0: Ball
Jack Bell steals 2nd base (no throw)
1-0: Ball
2-0: Swinging Strike
2-1: Foul Ball, location: 2F
2-2: Ground out 4-3 (Groundball, 4, EV 91.2 MPH)
Jack Bell to third
Batting: RHB Juan Rosa 0-0: Ball
1-0: Foul Ball, location: 2F
1-1: Foul Ball, location: 2F
1-2: Strikes out swinging
Batting: LHB Larry Prey 0-0: Ball
1-0: Called Strike
1-1: Foul Ball, location: 2F
1-2: Foul Ball, location: 2F
1-2: Ball
2-2: Ground out 4-3 (Groundball, 4S, EV 95.0 MPH)
Top of the 2nd over - 1 run, 1 hit, 0 errors, 1 left on base; Salt Lake 1 - Pawtucket 0
BOTTOM OF THE 2ND
Pawtucket Red Sox batting - Pitching for Salt Lake Bees : RHP Mike Tallerico
Batting: RHB Brandon Perris 0-0: Called Strike
0-1: Ball
1-1: Foul Ball, location: 2F
1-2: Ball
2-2: DOUBLE (Groundball, 5L, EV 96.9 MPH)
Batting: LHB Dave Reyes 0-0: Ball
1-0: Foul Ball, location: 2F
1-1: Called Strike
1-2: Ball
2-2: Foul Ball, location: 2F
2-2: Strikes out swinging
Batting: RHB Neil Mautone 0-0: Ball
1-0: Foul Ball, location: 2F
1-1: Called Strike
1-2: Ground out 2-3 (Groundball, 13S, EV 69.4 MPH)
Brandon Perris to third
Batting: LHB Aaron Brannon 0-0: Called Strike
0-1: Ball
1-1: Ball
2-1: SINGLE (Groundball, 34S, EV 68.8 MPH) (infield hit)
Brandon Perris scores
Batting: RHB Joe Evrard 0-0: Ball
Aaron Brannon steals 2nd base
1-0: Called Strike
1-1: Foul Ball, location: 2F
1-2: Fly out, F4 (Popup, 4D, EV 71.2 MPH)
Bottom of the 2nd over - 1 run, 2 hits, 0 errors, 1 left on base; Salt Lake 1 - Pawtucket 1
TOP OF THE 3RD
Salt Lake Bees batting - Pitching for Pawtucket Red Sox : LHP Adam Schneidewind
Batting: SHB Butch Brown 0-0: SOLO HOME RUN (Flyball, 9D, EV 96.9 MPH), Distance : 359 ft
Batting: RHB Eric Davis 0-0: Called Strike
0-1: Swinging Strike
0-2: Fly out, F6 (Line Drive, 6, EV 65.0 MPH)
Batting: RHB Brandon Davis 0-0: Ground out 6-3 (Groundball, 6, EV 86.9 MPH)
Batting: SHB Todd Hewitt 0-0: Foul Ball, location: 2F
0-1: Ground out 6-3 (Groundball, 6, EV 76.9 MPH)
Top of the 3rd over - 1 run, 1 hit, 0 errors, 0 left on base; Salt Lake 2 - Pawtucket 1
BOTTOM OF THE 3RD
Pawtucket Red Sox batting - Pitching for Salt Lake Bees : RHP Mike Tallerico
Batting: LHB Tim Fuller 0-0: Swinging Strike
0-1: Ball
1-1: Fly out, F7 (Flyball, 7LSF, EV 87.5 MPH)
Batting: RHB Eric Garrett 0-0: Ground out 6-3 (Groundball, 6, EV 85.0 MPH)
Batting: LHB David Moore 0-0: Swinging Strike
0-1: Ground out U3 (Groundball, 3S, EV 60.6 MPH)
Bottom of the 3rd over - 0 runs, 0 hits, 0 errors, 0 left on base; Salt Lake 2 - Pawtucket 1
TOP OF THE 4TH
Salt Lake Bees batting - Pitching for Pawtucket Red Sox : LHP Adam Schneidewind
Batting: RHB Roberto Duron 0-0: Called Strike
0-1: Foul Ball, location: 2F
0-2: Fly out, F8 (Flyball, 8RD, EV 83.8 MPH)
Batting: LHB Jack Bell 0-0: Called Strike
0-1: Ball
1-1: Foul Ball, location: 2F
1-2: Strikes out looking
Batting: RHB Jonathan Ellis 0-0: Ball
1-0: Called Strike
1-1: SINGLE (Groundball, 5S, EV 62.5 MPH) (infield hit)
Batting: RHB Juan Rosa 0-0: Called Strike
0-1: Swinging Strike
0-2: Ground out 4-3 (Groundball, 4, EV 100.0 MPH)
Top of the 4th over - 0 runs, 1 hit, 0 errors, 1 left on base; Salt Lake 2 - Pawtucket 1
BOTTOM OF THE 4TH
Pawtucket Red Sox batting - Pitching for Salt Lake Bees : RHP Mike Tallerico
Batting: RHB Jose Diaz 0-0: Called Strike
0-1: Ground out 6-3 (Groundball, 6S, EV 83.1 MPH)
Batting: RHB Brandon Perris 0-0: Called Strike
0-1: Swinging Strike
0-2: Strikes out swinging
Batting: LHB Dave Reyes 0-0: Swinging Strike
0-1: Ball
1-1: Called Strike
1-2: Strikes out swinging
Bottom of the 4th over - 0 runs, 0 hits, 0 errors, 0 left on base; Salt Lake 2 - Pawtucket 1
TOP OF THE 5TH
Salt Lake Bees batting - Pitching for Pawtucket Red Sox : LHP Adam Schneidewind
Batting: LHB Larry Prey 0-0: Ball
1-0: Ball
2-0: Called Strike
2-1: Foul Ball, location: 2F
2-2: Foul Ball, location: 2F
2-2: Ball
3-2: SINGLE (Groundball, 3D, EV 99.4 MPH)
Batting: SHB Butch Brown 0-0: Called Strike
0-1: Ball
1-1: Foul Ball, location: 2F
1-2: Ball
2-2: Foul Ball, location: 2F
2-2: Fielders Choice at 2nd, 1-4 (Groundball, P, EV 66.9 MPH)
Batting: RHB Eric Davis 0-0: Foul Ball, location: 2F
0-1: DOUBLE (Line Drive, 9LS, EV 100.0 MPH)
Butch Brown to third
Runner from 3rd tries for Home, SAFE, throw by RF to trailing runner, SAFE at third!
Batting: RHB Brandon Davis 0-0: Ball
1-0: Foul Ball, location: 2F
1-1: Ball
2-1: Foul Ball, location: 2F
2-2: Strikes out swinging
Batting: SHB Todd Hewitt 0-0: Called Strike
0-1: Fly out, F7 (Flyball, 7D, EV 100.6 MPH)
Top of the 5th over - 1 run, 2 hits, 0 errors, 1 left on base; Salt Lake 3 - Pawtucket 1
BOTTOM OF THE 5TH
Pawtucket Red Sox batting - Pitching for Salt Lake Bees : RHP Mike Tallerico
Batting: RHB Neil Mautone 0-0: Called Strike
0-1: Swinging Strike
0-2: Ball
1-2: Ball
2-2: Ball
3-2: Ground out 6-3 (Groundball, 6, EV 94.4 MPH)
Batting: LHB Aaron Brannon 0-0: Ball
1-0: Ball
2-0: Ball
3-0: Called Strike
3-1: SINGLE (Groundball, 6MS, EV 84.4 MPH) (infield hit)
Batting: RHB Joe Evrard 0-0: Ball
Pickoff Throw to First - Out! 1-3
1-0: Swinging Strike
1-1: Ball
2-1: Swinging Strike
2-2: SINGLE (Line Drive, 9LM, EV 103.8 MPH)
Batting: LHB Tim Fuller 0-0: Called Strike
0-1: Ball
1-1: Ball
2-1: Ball
3-1: Foul Ball, location: 2F
3-2: Ground out U3 (Groundball, 23, EV 80.0 MPH)
Bottom of the 5th over - 0 runs, 2 hits, 0 errors, 1 left on base; Salt Lake 3 - Pawtucket 1
TOP OF THE 6TH
Salt Lake Bees batting - Pitching for Pawtucket Red Sox : LHP Adam Schneidewind
Batting: RHB Roberto Duron 0-0: Called Strike
0-1: Swinging Strike
0-2: Strikes out swinging
Batting: LHB Jack Bell 0-0: Ball
1-0: Ball
2-0: Fly out, F8 (Flyball, 8LD, EV 90.0 MPH)
Batting: RHB Jonathan Ellis 0-0: Swinging Strike
0-1: Swinging Strike
0-2: Ground out U3 (Groundball, 34, EV 78.1 MPH)
Top of the 6th over - 0 runs, 0 hits, 0 errors, 0 left on base; Salt Lake 3 - Pawtucket 1
BOTTOM OF THE 6TH
Pawtucket Red Sox batting - Pitching for Salt Lake Bees : RHP Mike Tallerico
Batting: RHB Eric Garrett 0-0: Foul Ball, location: 2F
0-1: Ball
1-1: Ball
2-1: Ball
3-1: Called Strike
3-2: SINGLE (Groundball, 56, EV 90.6 MPH) (infield hit)
Batting: LHB David Moore 0-0: Ball
1-0: Ball
2-0: Called Strike
2-1: SINGLE (Groundball, 3D, EV 95.0 MPH)
Eric Garrett to second
Runner from 2nd tries for 3rd, SAFE, no throw by RF
Batting: RHB Jose Diaz 0-0: Ball
1-0: Ball
2-0: Called Strike
2-1: 3-RUN HOME RUN (Flyball, 7D, EV 92.5 MPH), Distance : 366 ft
Batting: RHB Brandon Perris 0-0: Foul Ball, location: 2F
0-1: Fly out, F7 (Flyball, 7S, EV 95.6 MPH)
Batting: LHB Dave Reyes 0-0: Fly out, F7 (Flyball, 7S, EV 88.1 MPH)
Batting: RHB Neil Mautone 0-0: SINGLE (Groundball, 34D, EV 101.2 MPH)
Batting: LHB Aaron Brannon 0-0: Ball
1-0: Ground out 4-3 (Groundball, 4S, EV 73.1 MPH)
Bottom of the 6th over - 3 runs, 4 hits, 0 errors, 1 left on base; Salt Lake 3 - Pawtucket 4
TOP OF THE 7TH
Salt Lake Bees batting - Pitching for Pawtucket Red Sox : LHP Adam Schneidewind
Batting: RHB Juan Rosa 0-0: Ball
1-0: Foul Ball, location: 2F
1-1: Ball
2-1: Foul Ball, location: 2F
2-2: Strikes out swinging
Pinch Hitting: RHB Kian-tat Chen 0-0: Called Strike
0-1: Called Strike
0-2: Ball
1-2: Ball
2-2: Ball
3-2: Base on Balls
Batting: SHB Butch Brown 0-0: Ball
1-0: Ground out 5-3 (Groundball, 56, EV 85.6 MPH)
Kian-tat Chen to second
Batting: RHB Eric Davis 0-0: Foul Ball, location: 2F
0-1: Foul Ball, location: 2F
0-2: Foul Ball, location: 2F
0-2: Ball
1-2: Ball
2-2: Strikes out swinging
Top of the 7th over - 0 runs, 0 hits, 0 errors, 1 left on base; Salt Lake 3 - Pawtucket 4
BOTTOM OF THE 7TH
Pawtucket Red Sox batting - Pitching for Salt Lake Bees : RHP Mike Tallerico
Now at 2B: Kian-tat Chen
Batting: RHB Joe Evrard 0-0: Called Strike
0-1: Ball
1-1: Called Strike
1-2: Ball
2-2: Strikes out swinging
Pitching: RHP Austin Maki
Batting: LHB Tim Fuller 0-0: Ball
1-0: Foul Ball, location: 2F
1-1: Fly out, F7 (Line Drive, 78S, EV 103.8 MPH)
Batting: RHB Eric Garrett 0-0: Ground out 6-3 (Groundball, 56, EV 82.5 MPH)
Bottom of the 7th over - 0 runs, 0 hits, 0 errors, 0 left on base; Salt Lake 3 - Pawtucket 4
TOP OF THE 8TH
Salt Lake Bees batting - Pitching for Pawtucket Red Sox : LHP Adam Schneidewind
Pitching: RHP Jon Mercado
Batting: RHB Brandon Davis 0-0: Ball
1-0: Foul Ball, location: 2F
1-1: Foul Ball, location: 2F
1-2: Fly out, F7 (Flyball, 7D, EV 108.1 MPH)
Batting: SHB Todd Hewitt 0-0: Ball
1-0: Foul Ball, location: 2F
1-1: Ball
2-1: Foul Ball, location: 2F
2-2: Ball
3-2: SINGLE (Line Drive, 6D, EV 98.1 MPH)
Pinch Hitting: SHB Mario Padron 0-0: Fly out, F4 (Popup, 13S, EV 82.5 MPH)
Pitching: LHP Ken Intagliata
Batting: LHB Jack Bell 0-0: Foul Ball, location: 2F
0-1: Ball
1-1: Foul Ball, location: 2F
1-2: Ball
2-2: Ball
3-2: Fly out, F3 (Popup, 3SF, EV 80.6 MPH)
Top of the 8th over - 0 runs, 1 hit, 0 errors, 1 left on base; Salt Lake 3 - Pawtucket 4
BOTTOM OF THE 8TH
Pawtucket Red Sox batting - Pitching for Salt Lake Bees : RHP Austin Maki
Now in LF: Mario Padron
Batting: LHB David Moore 0-0: Swinging Strike
0-1: Ball
1-1: Ball
2-1: Ball
3-1: Ground out 1-3 (Groundball, 13S, EV 74.4 MPH)
Batting: RHB Jose Diaz 0-0: Called Strike
0-1: Ball
1-1: Ground out 6-3 (Groundball, 6D, EV 88.8 MPH)
Batting: RHB Brandon Perris 0-0: Ball
1-0: Ball
2-0: Ball
3-0: Base on Balls
Batting: LHB Dave Reyes 0-0: Foul Ball, location: 2F
0-1: Called Strike
0-2: SINGLE (Line Drive, 78S, EV 96.2 MPH)
Brandon Perris to second
Pinch Runner at 2nd Blake Sams:
Batting: RHB Neil Mautone 0-0: SINGLE (Groundball, 56D, EV 96.9 MPH)
Blake Sams to third
Dave Reyes to second
Runner from 3rd tries for Home, throw by LF and OUT! 7-2
Bottom of the 8th over - 0 runs, 2 hits, 0 errors, 2 left on base; Salt Lake 3 - Pawtucket 4
TOP OF THE 9TH
Salt Lake Bees batting - Pitching for Pawtucket Red Sox : LHP Ken Intagliata
Pitching: RHP John Jordan
Now at 1B: Guillermo Quintero
Now at 2B: Gus Cruz
Now at 3B: Tim Fuller
Batting: RHB Jonathan Ellis 0-0: Ball
1-0: Ball
2-0: Called Strike
2-1: Ground out 4-3 (Groundball, 4, EV 89.4 MPH)
Batting: RHB Juan Rosa 0-0: Ball
1-0: Ball
2-0: Ball
3-0: Base on Balls
Batting: RHB Kian-tat Chen 0-0: Ball
1-0: Called Strike
1-1: Ball
2-1: Ball
3-1: Fly out, F8 (Flyball, 8RM, EV 89.4 MPH)
Batting: SHB Butch Brown 0-0: Called Strike
0-1: Called Strike
0-2: Ball
1-2: Ball
2-2: Foul Ball, location: 2F
2-2: Ball
3-2: Base on Balls
Juan Rosa to second
Batting: RHB Eric Davis 0-0: Called Strike
0-1: Called Strike
0-2: Ball
1-2: Strikes out looking
Top of the 9th over - 0 runs, 0 hits, 0 errors, 2 left on base; Salt Lake 3 - Pawtucket 4
Thursday, December 15th , 2022 - OOTP Baseball 23.9 Build 102